 Dungeon Crawl Stone Soup version 0.29.0-11-gd7f09526c8 (webtiles) character file.

Game seed: 15892272435792458843

21312 RascalDebosk the Fighter (level 12, -5/111 HPs)
             Began as a Minotaur Fighter on Sept 5, 2022.
             Was a Follower of Yredelemnul.
             Slain by an orc warlord
             ... wielding a +4 antimagic bardiche
              (12 damage)
             ... on level 2 of the Orcish Mines.
             The game lasted 02:11:23 (13511 turns).

RascalDebosk the Fighter (Minotaur Fighter)        Turns: 13511, Time: 02:11:23

Health: -5/111     AC: 27    Str: 32    XL:     12   Next: 53%
Magic:  17/17      EV:  9    Int:  5    God:    Yredelemnul [*.....]
Gold:   458        SH:  8    Dex: 10    Spells: 11/11 levels left

rFire   + . .      SeeInvis .   a - +1 war axe (protect)
rCold   + . .      Faith    .   c - +3 buckler
rNeg    . . .      Spirit   .   i - +1 chain mail
rPois   .          Reflect  .   (helmet restricted)
rElec   .          Harm     .   t - scarf {rC+ rF+}
rCorr   .          Rampage  +   w - +2 pair of gloves
Will    .....                   H - +2 pair of boots {rampage}
Stlth   ..........              (no amulet)
HPRegen 0.28/turn               g - +6 ring of strength
MPRegen 0.15/turn               b - ring of flight

@: mighty, under a protective aura, flying, studying Earth Magic, invisible
A: horns 2, retaliatory headbutt
a: Renounce Religion, Recall Undead Harvest


You were on level 2 of the Orcish Mines.
You worshipped Yredelemnul.
Yredelemnul was aware of your devotion.
You visited 2 branches of the dungeon, and saw 14 of its levels.
You also visited: Sewer.

You collected 1104 gold pieces.
You spent 646 gold pieces at shops.

Inventory:

Hand Weapons
 a - a +1 war axe of protection (weapon)
 f - a +1 vorpal hand axe
Missiles
 y - 2 throwing nets (quivered)
 E - 14 poisoned darts
 I - a curare-tipped dart
 K - 5 boomerangs
Armour
 c - a +3 buckler (worn)
 i - a +1 chain mail (worn)
 t - a scarf of resistance (worn)
 w - a +2 pair of gloves (worn)
 H - a +2 pair of boots of rampaging (worn)
Jewellery
 b - a ring of flight (right hand)
 e - an amulet of magic regeneration
 g - a +6 ring of strength (left hand)
 F - a ring of ice
Wands
 n - a wand of flame (30)
 v - a wand of charming (4)
 z - a wand of roots (18)
 B - a wand of polymorph (16)
 C - a wand of light (8)
Scrolls
 j - 5 scrolls of teleportation
 q - 2 scrolls of identify
 s - a scroll of magic mapping
 u - 3 scrolls of blinking
 G - 3 scrolls of fog
 J - a scroll of amnesia
Potions
 d - 2 potions of might
 h - a potion of magic
 k - 2 potions of haste
 l - a potion of invisibility
 m - 7 potions of curing
 o - a potion of ambrosia
 p - 4 potions of mutation
 r - 3 potions of brilliance
 A - 3 potions of cancellation


   Skills:
 + Level 11.6 Fighting
 + Level 11.2 Axes
 + Level 9.1 Throwing
 + Level 11.6 Armour
 - Level 8.4 Shields
 + Level 9.1 Invocations
 - Level 5.1 Evocations


You had 11 spell levels left.
You didn't know any spells.
Your spell library contained the following spells:

 Spells                   Type           Power      Damage    Failure   Level
 Slow                     Hex            0%         N/A       92%         1
 Confusing Touch          Hex            0%         N/A       100%        3
 Ozocubu's Armour         Ice            0%         N/A       100%        3
 Vampiric Draining        Necr           0%         2d6       100%        3
 Metabolic Englaciation   Hex/Ice        0%         N/A       100%        5
 Simulacrum               Ice/Necr       Unusable   N/A       N/A         6

Dungeon Overview and Level Annotations

Branches:
Dungeon (12/15)            Temple (0/1) D:4            Lair (0/5) D:11
    Orc (1/2) D:9           Sewer (visited)

Altars:
Fedhas
Makhleb
Okawaru
Trog
Uskayaw
Wu Jian
Xom
Yredelemnul
Zin
The Shining One

Shops:
D:7 *   D:10 *   Orc:1 =

Portals:
Trove: D:11 (give 15 scrolls of teleportation)


Innate Abilities, Weirdness & Mutations

You have a pair of horns on your head.
You reflexively headbutt those who attack you in melee.


Message History

The orc priest shouts!
The orc warrior shouts!
Your orc warrior zombie hits the orc warlord.
Your orc sorcerer zombie closely misses the orc warrior.
The orc sorcerer casts a spell.
The orc warrior hits your orc sorcerer zombie with a +0 scimitar!!
Your orc sorcerer zombie is destroyed!
The orc sorcerer gestures wildly while chanting.
You can no longer trade souls for undead servants.
You see here a +0 dagger.
You catch the helpless orc warrior completely off-guard!
You slash the orc warrior!
The orc warrior is heavily wounded.
You catch the helpless orc warrior completely off-guard!
You hit the orc warrior.
The ynoxinul bellows!
The smoke demon roars!
The orc priest shouts!
The orc warrior shouts!
The orc warrior unwields a +0 arbalest.
The orc warrior wields a +0 scimitar.
The orc warrior hits you with a +0 scimitar!
* * * LOW HITPOINT WARNING * * *
Your orc warrior zombie hits the orc warlord.
You slice the orc warrior!!
You kill the orc warrior!
You closely miss the orc warrior.
The dead are walking!
You can now trade souls for undead servants.
The smoke demon roars!
The orc priest shouts!
The orc sorcerer gestures wildly while chanting.
The orc warlord hits your orc warrior zombie with a +4 antimagic bardiche!!
Your orc warrior zombie is destroyed!
Your orc warrior zombie misses the orc warrior.
You can no longer trade souls for undead servants.
You closely miss the orc warrior.
The orc warrior is lightly wounded.
The orc warlord shouts!
You slash the orc warlord!
The smoke demon roars!
The orc priest shouts!
The orc warrior shouts!
The orc warrior hits your orc wizard zombie with a +0 scimitar!
Your orc wizard zombie hits the orc warrior but does no damage.
The orc warlord hits you with a +4 antimagic bardiche!
You die...
Your body rises from the dead as a mindless zombie.

##+++##
#.....#
#8.))8#
##.))##
##
#))Z#...#
+Z@Zo...#
#ooo#...#
#o8o#####
#3o.#


+3ooo #.oo#. #4o.## 8..38 You could see an orc warlord (unable to see you), an
orc high priest (strong, unable to see you), an ice devil (summoned, unable to
see you), 2 smoke demons, a ynoxinul (summoned, unable to see you), 2 orc
sorcerers, 6 orc warriors, 2 orc priests, an orc (strong, unable to see you,
ally target), 2 friendly orc warrior zombies and a friendly orc wizard zombie.

Vanquished Creatures
  An orc warlord (Orc:1)
  2 two-headed ogres (D:8)
  An orc sorcerer (Orc:2)
  2 gargoyles
  2 komodo dragons
  3 trolls
  2 hornets
  A vampire (D:11)
  13 yaks
  4 wyverns
  A wraith (D:11)
  3 wargs
  2 water moccasins
  Duvessa (D:6)
  3 black bears
  14 orc warriors
  3 ice beasts
  2 sky beasts (D:7)
  3 centaurs
  6 ogres
  3 kobold brigands
  6 bullfrogs
  2 necrophages
  2 scorpions (D:5)
  A gnoll sergeant (D:9)
  4 wights (D:9)
  Dowan (D:6)
  5 killer bees
  2 howler monkeys
  5 hounds
  3 jellies
  7 orc priests
  2 gnoll boudas
  Terence (D:2)
  5 iguanas
  17 orc wizards
  16 gnolls
  10 adders
  An ufetubus (D:5)
  An adder zombie (D:3)
  5 worms
  2 dart slugs
  43 orcs
  7 bats
  20 endoplasms
  14 giant cockroaches
  9 goblins (D:4)
  9 hobgoblins
  12 jackals
  24 kobolds
  10 quokkas
  10 ball pythons
  A ball python zombie (D:3)
  6 frilled lizards (Sewer)
  A giant cockroach zombie (D:3)
  6 rats
342 creatures vanquished.

Vanquished Creatures (collateral kills)
  A komodo dragon (D:11)
  A yaktaur (D:10)
  A troll (D:10)
  6 yaks
  Eustachio (D:6)
  A wyvern (D:11)
  A water moccasin (D:11)
  3 orc warriors
  3 centaurs
  A kobold brigand (D:7)
  A scorpion (D:11)
  A wight (D:10)
  A killer bee (D:9)
  3 howler monkeys
  A hound (D:5)
  An orc wizard (D:4)
  2 gnolls
  An adder (D:5)
  A shadow imp (D:6)
  2 white imps
  A dart slug (D:5)
  4 orcs
  An endoplasm (D:4)
  A goblin (D:4)
  A quokka (D:4)
  2 kobolds
43 creatures vanquished.

Vanquished Creatures (others)
  2 yak zombies (D:12)
  2 warg zombies
  A centaur zombie (D:8)
  3 killer bee zombies (D:9)
  A hound zombie (D:4)
  2 endoplasm zombies (D:4)
  4 gnoll zombies
  2 goblin zombies (D:4)
  A jackal zombie (D:4)
  6 kobold zombies
  17 orc zombies
  A quokka zombie (D:4)
  3 fungi (D:11)
  11 plants (D:11)
56 creatures vanquished.

Grand Total: 441 creatures vanquished

Notes
Turn   | Place    | Note
-------+----------+-------------------------------------------
     0 | D:1      | RascalDebosk the Minotaur Fighter began the quest for the
                  | Orb.
     0 | D:1      | Reached XP level 1. HP: 19/19 MP: 0/0
   262 | D:1      | Reached XP level 2. HP: 20/27 MP: 1/1
   349 | D:1      | Found a faded altar of an unknown god.
   568 | D:1      | You fall into a shaft and drop 1 floor!
   862 | D:2      | Noticed Terence
   868 | D:2      | Killed Terence
   869 | D:2      | Reached skill level 1 in Evocations
   869 | D:2      | Reached XP level 3. HP: 23/33 MP: 2/2
  1040 | D:2      | Reached skill level 1 in Invocations
  1081 | D:2      | Reached XP level 4. HP: 39/40 MP: 3/3
  1254 | D:2      | Reached skill level 1 in Throwing
  1883 | D:3      | Found a faded altar of an unknown god.
  1887 | D:3      | Found a blossoming altar of Fedhas.
  1908 | D:3      | Reached XP level 5. HP: 46/47 MP: 5/5
  2235 | D:3      | Found a glowing drain.
  2247 | Sewer    | Entered a sewer
  2689 | Sewer    | Reached XP level 6. HP: 38/53 MP: 6/6
  3034 | D:3      | Found a basalt altar of Yredelemnul.
  3040 | D:3      | Became a worshipper of Yredelemnul the Dark
  3187 | D:4      | Reached skill level 5 in Fighting
  3187 | D:4      | Reached XP level 7. HP: 51/61 MP: 7/7
  3206 | D:4      | Reached skill level 5 in Armour
  3217 | D:4      | Reached * piety under Yredelemnul
  3309 | D:4      | Reached skill level 5 in Shields
  3620 | D:4      | Reached ** piety under Yredelemnul
  3922 | D:4      | Found a staircase to the Ecumenical Temple.
  4163 | D:4      | Reached *** piety under Yredelemnul
  4334 | D:5      | Entered Level 5 of the Dungeon
  4341 | D:5      | Reached XP level 8. HP: 67/69 MP: 9/9
  4429 | D:5      | Reached skill level 5 in Axes
  4520 | D:5      | Found a bloodstained altar of Trog.
  4671 | D:5      | Found an ornate altar of the Wu Jian Council.
  4695 | D:5      | Found a shimmering altar of Xom.
  4934 | D:5      | Reached skill level 5 in Throwing
  4935 | D:5      | Reached XP level 9. HP: 81/81 MP: 9/12
  5435 | D:5      | Reached **** piety under Yredelemnul
  5733 | D:5      | Reached skill level 5 in Evocations
  5733 | D:5      | Reached XP level 10. HP: 91/91 MP: 12/14
  5807 | D:6      | Noticed Eustachio
  5818 | D:6      | Killed Eustachio
  6215 | D:6      | Found a glowing golden altar of the Shining One.
  6376 | D:6      | Found a large runed translucent door.
  6377 | D:6      | Found a large runed translucent door.
  6391 | D:6      | Found a burning altar of Makhleb.
  6404 | D:6      | Found an iron altar of Okawaru.
  6682 | D:6      | Noticed Duvessa
  6690 | D:6      | Killed Duvessa
  6695 | D:6      | Noticed Dowan
  6718 | D:6      | Killed Dowan
  7249 | D:7      | Reached XP level 11. HP: 99/99 MP: 15/15
  7522 | D:7      | Found Yguwin's Assorted Antiques.
  7532 | D:7      | Bought a scroll of identify for 56 gold pieces
  7532 | D:7      | Bought a scroll of identify for 56 gold pieces
  7532 | D:7      | Bought a scroll of identify for 56 gold pieces
  7532 | D:7      | Bought a scroll labelled WOQYJAB KOIT for 28 gold pieces
  7532 | D:7      | Bought a pair of runed boots for 210 gold pieces
  7671 | D:7      | Reached ***** piety under Yredelemnul
  7955 | D:8      | Found a hide-covered altar of Uskayaw.
  7971 | D:8      | Noticed a two-headed ogre
  7976 | D:8      | Killed a two-headed ogre
  7977 | D:8      | Reached skill level 10 in Fighting
  7977 | D:8      | Reached skill level 10 in Armour
  8303 | D:8      | Noticed a two-headed ogre
  8313 | D:8      | Killed a two-headed ogre
  9503 | D:9      | Reached skill level 10 in Axes
  9642 | D:9      | Found a staircase to the Orcish Mines.
 10342 | D:10     | Entered Level 10 of the Dungeon
 10342 | D:10     | Found Egoshridd's Assorted Antiques.
 10357 | D:10     | Found a glowing silver altar of Zin.
 11053 | D:10     | Bought a scroll of enchant armour for 240 gold pieces
 11108 | D:11     | Reached XP level 12. HP: 43/108 MP: 17/17
 11613 | D:11     | Found a portal to a secret trove of treasure.
 11717 | D:11     | Found a staircase to the Lair.
 12180 | D:11     | Identified the +1 ring mail of the Armadillo {Fly}
 12601 | D:12     | Noticed a five-headed hydra
 13031 | Orc:1    | Entered Level 1 of the Orcish Mines
 13032 | Orc:1    | Found Vehos's Jewellery Boutique.
 13135 | Orc:1    | Noticed an orc warlord
 13429 | Orc:1    | Killed an orc warlord
 13471 | Orc:1    | You are sucked into a shaft and drop 1 floor!
 13471 | Orc:2    | Entered Level 2 of the Orcish Mines
 13500 | Orc:2    | Noticed an orc warlord
 13505 | Orc:2    | Noticed an orc high priest
 13511 | Orc:2    | Slain by an orc warlord

Illustrated notes

Levels and vault maps discovered:
D:1:      amcnicky_arrival_underground_garden, layout_basic,
          basic_ecumenical_altar, serial_glass, glass_columns_b,
          glass_columns_c, minmay_bisected
D:2:      layout_loops_corners, serial_park_tiny_1, minmay_between, uniq_terence
D:3:      layout_rooms, nicolae_overflow_ecumenical_swirl,
          nicolae_yredelemnul_corpse_copse, portal_sewer_entry_b
D:4:      black_bear_nest_1, layout_rooms, minmay_temple_entry_hall,
          roderic_st_hans_cross, minmay_misc_feat_iff, minmay_ogre_servants
D:5:      nicolae_BIG_FREAKIN_CUBE, layout_loops_corners, old_standard_altar,
          mainiacjoe_overflow_paths, old_standard_altar,
          minmay_manual_monstrance
D:6:      layout_basic, mainiacjoe_overflow_24_doors, jmf_multi_god_temple2,
          uniq_eustachio, uniq_duvessa
D:7:      layout_basic, serial_shops, nicolae_shop_advertising_works
          [nicolae_subvault_shop_adworks], st_stairs_11, minmay_misc_feat_alley,
          small_statue_intersection
D:8:      layout_basic, mainiacjoe_overflow_boulevard, minmay_misc_feat_columns
D:9:      layout_basic, orc_0_dummy
D:10:     layout_roguey, nicolae_overflow_hidden_temple, serial_shops, shop,
          minmay_misc_feat_square, chequers_decorated_corner,
          lightli_fourway_metalbox
D:11:     layout_grid_maze, minmay_lair_entry_grove,
          nicolae_trove_entry_crossroad
D:12:     layout_loops_ring, serial_shops, nicolae_take_the_stairs,
          introduction_to_nature_2
Orc:1:    layout_diamond_mine, serial_shops, nicolae_shop_stone
Orc:2:    grunt_orc_community_town_hall, layout_caves,
          grunt_orc_community_big_house_1, grunt_orc_community_big_house_1,
          grunt_orc_community_house_1, grunt_orc_community_house_2,
          grunt_orc_community_house_3, grunt_orc_community_house_3,
          grunt_orc_community_house_2, okawaru_metal_pillars_1_2

Skill      XL: |  1  2  3  4  5  6  7  8  9 10 11 12 |
---------------+-------------------------------------+-----
Fighting       | 4 5 8 9 10 11 | 11.6
Evocations     | 1 2 3 4 5 |  5.1
Armour         | 4 5 8 9 10 11 | 11.6
Invocations    | 1 2 6 7 8 9 |  9.1
Shields        | 4 5 8 |  8.4
Axes           | 3 4 7 9 10 11 | 11.2
Throwing       | 1 2 5 6 7 8 9 |  9.1

Action                   |  1- 3 |  4- 6 |  7- 9 | 10-12 || total
-------------------------+-------+-------+-------+-------++-------
Melee: War axe           |    44 |   211 |   140 |   525 ||   920
       Headbutt          |     4 |    13 |    20 |    88 ||   125
       Unarmed           |       |       |       |     8 ||     8
Throw: Throwing net      |       |       |       |     4 ||     4
Invok: Recall Undead Har |       |       |       |     3 ||     3
       Dark Bargain      |       |       |       |     1 ||     1
Evoke: Wand              |       |       |       |     3 ||     3
  Use: Scroll            |       |       |     8 |    24 ||    32
       Potion            |       |       |     2 |    10 ||    12
 Stab: Distracted        |       |       |       |     5 ||     5
       Invisible         |       |       |       |     3 ||     3
Armor: Scale mail        |    27 |   141 |    66 |     3 ||   237
       Chain mail        |       |       |       |   299 ||   299
       Skin              |       |       |       |     3 ||     3
Dodge: Dodged            |    14 |   143 |    56 |   184 ||   397
Block: Buckler           |    15 |    64 |    30 |   210 ||   319
